PAA
WESTWOOD SIXSHOOTERS @ LAKE MINNETONKA LOVE BOATS
06/03/2037
 
TOP OF THE 1ST
Westwood Sixshooters batting - Pitching for Lake Minnetonka Love Boats : RHP Hugo Hinojo
Pitching: RHP Hugo Hinojo
Batting: RHB Simone Catalani 0-0: Called Strike
0-1: SINGLE (Line Drive, 8RS, EV 90.6 MPH)
Batting: RHB Shirai Yoshida 0-0: SINGLE (Groundball, 34D, EV 104.4 MPH)
Simone Catalani to second
Runner from 2nd tries for 3rd, SAFE, no throw by RF
Batting: RHB Oki Hai 0-0: Called Strike
0-1: Called Strike
0-2: TRIPLE (Flyball, 89XD, EV 103.8 MPH)
Simone Catalani scores
Shirai Yoshida scores
Batting: RHB Bob Kassell 0-0: Ball
1-0: Ground out 6-3 (Groundball, 6, EV 88.8 MPH)
Oki Hai scores
Batting: RHB Mark Merry 0-0: Ball
1-0: Ball
2-0: Foul Ball, location: 2F
2-1: Ball
3-1: Base on Balls
Batting: SHB Jin-yong Ch'oe 0-0: Foul Ball, location: 2F
0-1: Foul Ball, location: 2F
0-2: Fly out, F9 (Flyball, 9LS, EV 80.6 MPH)
Batting: SHB José Tirado 0-0: Called Strike
0-1: Ground out U3 (Groundball, 34, EV 83.1 MPH)
Top of the 1st over - 3 runs, 3 hits, 0 errors, 1 left on base; Westwood 3 - Lake Minnetonka 0
BOTTOM OF THE 1ST
Lake Minnetonka Love Boats batting - Pitching for Westwood Sixshooters : RHP Pjotr Melis
Pitching: RHP Pjotr Melis
Batting: LHB Wilton Maynard 0-0: Called Strike
0-1: DOUBLE (Groundball, 5L, EV 98.8 MPH)
Batting: LHB Nicol van Gorp 0-0: Ball
1-0: Swinging Strike
1-1: Foul Ball, location: 2F
1-2: Ground out 4-3 (Groundball, 4, EV 96.9 MPH)
Wilton Maynard to third
Batting: RHB Alfonso Cabedo 0-0: Called Strike
0-1: SINGLE (Groundball, 4D, EV 98.8 MPH)
Wilton Maynard scores
Batting: LHB Alfredo Garza 0-0: Called Strike
0-1: Foul Ball, location: 2F
0-2: Fly out, F9 (Flyball, 89S, EV 88.8 MPH)
Batting: LHB Arto Toikka 0-0: Foul Ball, location: 2F
0-1: SINGLE (Groundball, 6MD, EV 107.5 MPH)
Alfonso Cabedo to second
Batting: RHB Martin van Veldhuizen 0-0: Called Strike
0-1: Ball
1-1: Ball
2-1: Ground out 4-3 (Groundball, 34, EV 98.8 MPH)
Bottom of the 1st over - 1 run, 3 hits, 0 errors, 2 left on base; Westwood 3 - Lake Minnetonka 1
TOP OF THE 2ND
Westwood Sixshooters batting - Pitching for Lake Minnetonka Love Boats : RHP Hugo Hinojo
Batting: RHB Sean Wallace 0-0: Ball
1-0: Fly out, F4 (Popup, 34S, EV 79.4 MPH)
Batting: RHB Alohanani Koora 0-0: Ball
1-0: Ground out 5-3 (Groundball, 56, EV 104.4 MPH)
Batting: RHB Simone Catalani 0-0: Ball
1-0: Fly out, F9 (Flyball, 9LS, EV 93.1 MPH)
Top of the 2nd over - 0 runs, 0 hits, 0 errors, 0 left on base; Westwood 3 - Lake Minnetonka 1
BOTTOM OF THE 2ND
Lake Minnetonka Love Boats batting - Pitching for Westwood Sixshooters : RHP Pjotr Melis
Batting: SHB Celio Guimaraens 0-0: Ball
1-0: Called Strike
1-1: Foul Ball, location: 2F
1-2: Foul Ball, location: 2F
1-2: Fly out, F7 (Flyball, 78S, EV 75.6 MPH)
Batting: RHB Yoshii Saikawa 0-0: Swinging Strike
0-1: Foul Ball, location: 2F
0-2: Foul Ball, location: 2F
0-2: Ball
1-2: Ground out 6-3 (Groundball, 6S, EV 70.0 MPH)
Batting: LHB Frans Boone 0-0: Swinging Strike
0-1: Ball
1-1: Ground out 4-3 (Groundball, 4, EV 110.6 MPH)
Bottom of the 2nd over - 0 runs, 0 hits, 0 errors, 0 left on base; Westwood 3 - Lake Minnetonka 1
TOP OF THE 3RD
Westwood Sixshooters batting - Pitching for Lake Minnetonka Love Boats : RHP Hugo Hinojo
Batting: RHB Shirai Yoshida 0-0: Ball
1-0: Called Strike
1-1: SINGLE (Groundball, 56S, EV 61.2 MPH) (infield hit)
Batting: RHB Oki Hai 0-0: Ball
1-0: Ball
2-0: Foul Ball, location: 2F
2-1: SINGLE (Flyball, 9S, EV 97.5 MPH)
Shirai Yoshida to second
Runner from 2nd tries for 3rd, SAFE, no throw by RF
Batting: RHB Bob Kassell 0-0: Foul Ball, location: 2F
0-1: Ball
1-1: Ball
2-1: Foul Ball, location: 2F
2-2: Ball
3-2: Base on Balls
Oki Hai to second
Batting: RHB Mark Merry 0-0: Called Strike
0-1: Ball
1-1: Called Strike
1-2: Foul Ball, location: 2F
1-2: Foul Ball, location: 2F
1-2: Ball
2-2: Foul Ball, location: 2F
2-2: DOUBLE (Line Drive, 89D, EV 108.8 MPH)
Shirai Yoshida scores
Oki Hai scores
Bob Kassell to third
Batting: SHB Jin-yong Ch'oe 0-0: Ball
1-0: Ball
2-0: Ball
3-0: Called Strike
3-1: Ground out 3-1 (Groundball, 34S, EV 83.1 MPH)
Bob Kassell scores
Mark Merry to third
Batting: SHB José Tirado 0-0: Ball
1-0: Ball
2-0: Called Strike
2-1: Fly out, F2 (Popup, 23F, EV 84.4 MPH)
Batting: RHB Sean Wallace 0-0: Called Strike
0-1: Swinging Strike
0-2: Ball
1-2: Foul Ball, location: 2F
1-2: Strikes out swinging
Top of the 3rd over - 3 runs, 3 hits, 0 errors, 1 left on base; Westwood 6 - Lake Minnetonka 1
BOTTOM OF THE 3RD
Lake Minnetonka Love Boats batting - Pitching for Westwood Sixshooters : RHP Pjotr Melis
Batting: LHB Wilton Maynard 0-0: Ball
1-0: Ball
2-0: Ball
3-0: Foul Ball, location: 2F
3-1: Foul Ball, location: 2F
3-2: Foul Ball, location: 2F
3-2: Foul Ball, location: 2F
3-2: Base on Balls
Batting: LHB Nicol van Gorp 0-0: Foul Ball, location: 2F
0-1: Ball
1-1: Called Strike
1-2: Strikes out swinging
Batting: RHB Alfonso Cabedo 0-0: Ball
Wild Pitch!
Wilton Maynard to second
1-0: Fly out, F9 (Line Drive, 9, EV 86.2 MPH)
Batting: LHB Alfredo Garza 0-0: Ball
Wild Pitch!
Wilton Maynard to third
1-0: Fly out, F5 (Popup, 5F, EV 60.6 MPH)
Bottom of the 3rd over - 0 runs, 0 hits, 0 errors, 1 left on base; Westwood 6 - Lake Minnetonka 1
TOP OF THE 4TH
Westwood Sixshooters batting - Pitching for Lake Minnetonka Love Boats : RHP Hugo Hinojo
Batting: RHB Alohanani Koora 0-0: Called Strike
0-1: SINGLE (Line Drive, 78M, EV 96.2 MPH)
Pitching: LHP Sean Mosley
Batting: RHB Simone Catalani 0-0: Swinging Strike
0-1: Ground out 5-3 (Groundball, 56S, EV 68.1 MPH)
Alohanani Koora to second
Batting: RHB Shirai Yoshida 0-0: Ball
Alohanani Koora is caught stealing 3rd base 2-5
1-0: Ball
2-0: Called Strike
2-1: Fly out, F8 (Flyball, 8LM, EV 88.8 MPH)
Top of the 4th over - 0 runs, 1 hit, 0 errors, 0 left on base; Westwood 6 - Lake Minnetonka 1
BOTTOM OF THE 4TH
Lake Minnetonka Love Boats batting - Pitching for Westwood Sixshooters : RHP Pjotr Melis
Batting: LHB Arto Toikka 0-0: Foul Ball, location: 2F
0-1: Ball
1-1: Fly out, F7 (Flyball, 7LMF, EV 80.6 MPH)
Batting: RHB Martin van Veldhuizen 0-0: Called Strike
0-1: Ball
1-1: Ball
2-1: Ball
3-1: Called Strike
3-2: Foul Ball, location: 2F
3-2: SINGLE (Groundball, 56D, EV 97.5 MPH)
Batting: SHB Celio Guimaraens 0-0: SINGLE (Groundball, 6MD, EV 94.4 MPH)
Martin van Veldhuizen to second
Batting: RHB Yoshii Saikawa 0-0: Ball
1-0: Called Strike
1-1: Ball
2-1: Swinging Strike
2-2: Fly out, F8 (Flyball, 8RXD, EV 93.1 MPH)
Runner from 2nd tags up, SAFE at 3rd, no throw by CF
Batting: LHB Frans Boone 0-0: Called Strike
0-1: Fly out, F8 (Flyball, 8RS, EV 79.4 MPH)
Bottom of the 4th over - 0 runs, 2 hits, 0 errors, 2 left on base; Westwood 6 - Lake Minnetonka 1
TOP OF THE 5TH
Westwood Sixshooters batting - Pitching for Lake Minnetonka Love Boats : LHP Sean Mosley
Batting: RHB Oki Hai 0-0: Ball
1-0: Called Strike
1-1: Ball
2-1: Ball
3-1: DOUBLE (Line Drive, 8RXD, EV 101.9 MPH)
Batting: RHB Bob Kassell 0-0: Ball
1-0: Ball
2-0: Called Strike
2-1: Ball
3-1: Foul Ball, location: 2F
3-2: Base on Balls
Batting: RHB Mark Merry 0-0: Ball
1-0: Ball
2-0: Called Strike
2-1: Foul Ball, location: 2F
2-2: SINGLE (Line Drive, 6MD, EV 105.6 MPH)
Oki Hai to third
Bob Kassell to second
Batting: SHB Jin-yong Ch'oe 0-0: Called Strike
0-1: Foul Ball, location: 2F
0-2: Ball
1-2: Foul Ball, location: 2F
1-2: Ball
2-2: Fly out, F8 (Flyball, 8LD, EV 83.1 MPH)
Runner from 3rd tags up, OUT at HOME! 8-2
Bob Kassell to third
Mark Merry to second
Batting: SHB José Tirado 0-0: Called Strike
0-1: Ball
1-1: Swinging Strike
1-2: Fly out, F8 (Flyball, 8LS, EV 88.8 MPH)
Top of the 5th over - 0 runs, 2 hits, 0 errors, 2 left on base; Westwood 6 - Lake Minnetonka 1
BOTTOM OF THE 5TH
Lake Minnetonka Love Boats batting - Pitching for Westwood Sixshooters : RHP Pjotr Melis
Batting: LHB Wilton Maynard 0-0: Called Strike
0-1: Called Strike
0-2: Ball
1-2: Foul Ball, location: 2F
1-2: Ball
2-2: Foul Ball, location: 2F
2-2: Ball
3-2: Foul Ball, location: 2F
3-2: DOUBLE (Line Drive, 89XD, EV 106.9 MPH)
Batting: LHB Nicol van Gorp 0-0: Called Strike
0-1: Foul Ball, location: 2F
0-2: Foul Ball, location: 2F
0-2: Ball
1-2: Ball
2-2: Ball
3-2: Base on Balls
Batting: RHB Alfonso Cabedo 0-0: Foul Ball, location: 2F
0-1: Ball
Wild Pitch!
Wilton Maynard to third
Nicol van Gorp to second
1-1: Called Strike
1-2: Ball
2-2: Ball
3-2: Fly out, F7 (Flyball, 7, EV 83.8 MPH)
Runner from 3rd tags up, SCORES, no throw by LF
Batting: LHB Alfredo Garza 0-0: Ball
1-0: Foul Ball, location: 2F
1-1: Swinging Strike
1-2: Fly out, F7 (Flyball, 7S, EV 85.6 MPH)
Batting: LHB Arto Toikka 0-0: Ball
1-0: Swinging Strike
1-1: Ball
2-1: Ground out 5-3 (Groundball, 56, EV 84.4 MPH)
Bottom of the 5th over - 1 run, 1 hit, 0 errors, 1 left on base; Westwood 6 - Lake Minnetonka 2
TOP OF THE 6TH
Westwood Sixshooters batting - Pitching for Lake Minnetonka Love Boats : LHP Sean Mosley
Batting: RHB Sean Wallace 0-0: Ball
1-0: Ball
2-0: Fly out, F8 (Flyball, 8RXD, EV 91.2 MPH)
Batting: RHB Alohanani Koora 0-0: Ground out U3 (Groundball, 3S, EV 63.8 MPH)
Batting: RHB Simone Catalani 0-0: Called Strike
0-1: Swinging Strike
0-2: Ball
1-2: Ball
2-2: Strikes out looking
Top of the 6th over - 0 runs, 0 hits, 0 errors, 0 left on base; Westwood 6 - Lake Minnetonka 2
BOTTOM OF THE 6TH
Lake Minnetonka Love Boats batting - Pitching for Westwood Sixshooters : RHP Pjotr Melis
Batting: RHB Martin van Veldhuizen 0-0: Reached on error, E4 (Groundball, 4, EV 89.4 MPH)
Pitching: RHP Alberto Gonzáles
Batting: SHB Celio Guimaraens 0-0: Ball
1-0: Foul Ball, location: 2F
1-1: Ball
2-1: Swinging Strike
2-2: Ball
3-2: Foul Ball, location: 2F
3-2: Base on Balls
Martin van Veldhuizen to second
Batting: RHB Yoshii Saikawa 0-0: Sac Bunt to 15 - play at third, runner OUT! 1-6
Celio Guimaraens to second
Batting: LHB Frans Boone 0-0: Ball
1-0: Foul Ball, location: 2F
1-1: Ball
2-1: Fielders Choice at 2nd, 6-4 (Groundball, 6, EV 97.5 MPH)
Celio Guimaraens to third
Batting: LHB Wilton Maynard 0-0: Foul Ball, location: 2F
0-1: Ball
1-1: Ball
2-1: Foul Ball, location: 2F
2-2: Foul Ball, location: 2F
2-2: Strikes out swinging
Bottom of the 6th over - 0 runs, 0 hits, 1 error, 2 left on base; Westwood 6 - Lake Minnetonka 2
TOP OF THE 7TH
Westwood Sixshooters batting - Pitching for Lake Minnetonka Love Boats : LHP Sean Mosley
Batting: RHB Shirai Yoshida 0-0: Ball
1-0: Foul Ball, location: 2F
1-1: Called Strike
1-2: Ball
2-2: SINGLE (Groundball, 4, EV 104.4 MPH) (infield hit)
Pitching: RHP Dennis Blanchard
Batting: RHB Oki Hai 0-0: Foul Ball, location: 2F
0-1: Ball
1-1: Foul Ball, location: 2F
1-2: SINGLE (Line Drive, 3D, EV 93.8 MPH)
Shirai Yoshida to second
Batting: RHB Bob Kassell 0-0: Swinging Strike
0-1: Foul Ball, location: 2F
0-2: Foul Ball, location: 2F
0-2: Foul Ball, location: 2F
0-2: Ball
1-2: Foul Ball, location: 2F
1-2: Ball
2-2: Strikes out swinging
Batting: RHB Mark Merry 0-0: Ball
1-0: Called Strike
1-1: Ball
2-1: Grounds into double play, 4-6-3 (Groundball, 4, EV 91.9 MPH)
Top of the 7th over - 0 runs, 2 hits, 0 errors, 1 left on base; Westwood 6 - Lake Minnetonka 2
BOTTOM OF THE 7TH
Lake Minnetonka Love Boats batting - Pitching for Westwood Sixshooters : RHP Alberto Gonzáles
Batting: LHB Nicol van Gorp 0-0: Ground out 4-3 (Groundball, 4M, EV 88.8 MPH)
Batting: RHB Alfonso Cabedo 0-0: Called Strike
0-1: Foul Ball, location: 2F
0-2: Ball
1-2: Ball
2-2: Foul Ball, location: 2F
2-2: Foul Ball, location: 2F
2-2: SINGLE (Groundball, 34D, EV 102.5 MPH)
Pitching: RHP Thie Calkhoven
Batting: LHB Alfredo Garza 0-0: Ball
Alfonso Cabedo steals 2nd base
1-0: Called Strike
1-1: Foul Ball, location: 2F
1-2: Strikes out swinging
Batting: LHB Arto Toikka 0-0: Foul Ball, location: 2F
0-1: Ground out 4-3 (Groundball, 34, EV 85.6 MPH)
Bottom of the 7th over - 0 runs, 1 hit, 0 errors, 1 left on base; Westwood 6 - Lake Minnetonka 2
TOP OF THE 8TH
Westwood Sixshooters batting - Pitching for Lake Minnetonka Love Boats : RHP Dennis Blanchard
Batting: SHB Jin-yong Ch'oe 0-0: Ball
1-0: Foul Ball, location: 2F
1-1: Ball
2-1: SINGLE (Line Drive, 34D, EV 95.6 MPH)
Batting: SHB José Tirado 0-0: Called Strike
0-1: Foul Ball, location: 2F
0-2: Ball
1-2: Foul Ball, location: 2F
1-2: Strikes out looking
Pitching: RHP Augusto Rumina
Batting: RHB Sean Wallace 0-0: DOUBLE (Line Drive, 7LM, EV 110.0 MPH)
Jin-yong Ch'oe to third
Runner from 3rd tries for Home, SAFE, throw by LF to home
Batting: RHB Alohanani Koora 0-0: Ground out 5-3 (Groundball, 56, EV 95.0 MPH)
Batting: RHB Simone Catalani 0-0: Ground out 4-3 (Groundball, 4M, EV 100.0 MPH)
Top of the 8th over - 1 run, 2 hits, 0 errors, 1 left on base; Westwood 7 - Lake Minnetonka 2
BOTTOM OF THE 8TH
Lake Minnetonka Love Boats batting - Pitching for Westwood Sixshooters : RHP Thie Calkhoven
Batting: RHB Martin van Veldhuizen 0-0: Ball
1-0: Ball
2-0: Ball
3-0: Called Strike
3-1: Foul Ball, location: 2F
3-2: Base on Balls
Batting: SHB Celio Guimaraens 0-0: Swinging Strike
0-1: Ball
1-1: Ball
2-1: Ball
3-1: Fly out, F6 (Line Drive, 6, EV 67.5 MPH)
Pitching: LHP Gilberto Blanca
Batting: RHB Yoshii Saikawa 0-0: Ball
1-0: Ball
2-0: Swinging Strike
2-1: Swinging Strike
Pickoff Throw by Catcher to First - Out!
2-2: Foul Ball, location: 2F
2-2: Foul Ball, location: 2F
2-2: Foul Ball, location: 2F
2-2: SINGLE (Flyball, 8RS, EV 89.4 MPH)
Batting: LHB Frans Boone 0-0: Ball
1-0: Ball
2-0: Ball
3-0: Called Strike
3-1: Fly out, F8 (Flyball, 8LXD, EV 107.5 MPH)
Bottom of the 8th over - 0 runs, 1 hit, 0 errors, 1 left on base; Westwood 7 - Lake Minnetonka 2
TOP OF THE 9TH
Westwood Sixshooters batting - Pitching for Lake Minnetonka Love Boats : RHP Augusto Rumina
Batting: RHB Shirai Yoshida 0-0: Ball
1-0: Fly out, F8 (Line Drive, 8RM, EV 101.9 MPH)
Batting: RHB Oki Hai 0-0: Called Strike
0-1: SINGLE (Groundball, 56D, EV 96.2 MPH)
Batting: RHB Bob Kassell 0-0: Ball
1-0: Ball
2-0: SINGLE (Groundball, 6D, EV 96.9 MPH)
Oki Hai to second
Batting: RHB Mark Merry 0-0: Foul Ball, location: 2F
0-1: Foul Ball, location: 2F
0-2: Foul Ball, location: 2F
0-2: Foul Ball, location: 2F
0-2: Foul Ball, location: 2F
0-2: Ball
1-2: Ball
2-2: Ball
3-2: Grounds into double play, 6-4-3 (Groundball, 6, EV 87.5 MPH)
Top of the 9th over - 0 runs, 2 hits, 0 errors, 1 left on base; Westwood 7 - Lake Minnetonka 2
BOTTOM OF THE 9TH
Lake Minnetonka Love Boats batting - Pitching for Westwood Sixshooters : LHP Gilberto Blanca
Batting: LHB Wilton Maynard 0-0: Ball
1-0: Ball
2-0: Called Strike
2-1: Foul Ball, location: 2F
2-2: Foul Ball, location: 2F
2-2: Ball
3-2: SINGLE (Line Drive, 89S, EV 88.1 MPH)
Batting: LHB Nicol van Gorp 0-0: Called Strike
0-1: Ball
1-1: Swinging Strike
1-2: Strikes out swinging
Batting: RHB Alfonso Cabedo 0-0: Called Strike
0-1: 2-RUN HOME RUN (Flyball, 7LD, EV 101.2 MPH), Distance : 328 ft
Batting: LHB Alfredo Garza 0-0: Swinging Strike
0-1: SINGLE (Flyball, 7S, EV 85.0 MPH)
Pitching: LHP Maurice Hilliard
Batting: LHB Arto Toikka 0-0: SINGLE (Line Drive, 89S, EV 90.6 MPH)
Alfredo Garza to second
Batting: RHB Martin van Veldhuizen 0-0: Called Strike
0-1: Ball
1-1: Swinging Strike
1-2: Fielders Choice at 2nd, 6-4 (Groundball, 6, EV 85.6 MPH)
Alfredo Garza to third
Pinch Hitting: RHB Curt Allen 0-0: Called Strike
0-1: Called Strike
0-2: Fly out, F9 (Line Drive, 9, EV 97.5 MPH)
Bottom of the 9th over - 2 runs, 4 hits, 0 errors, 2 left on base; Westwood 7 - Lake Minnetonka 4
Thursday, January 23rd, 2020 - OOTP Baseball 20.8 Build 74